 Dungeon Crawl Stone Soup version 0.30-a0-782-ge64f9170bb (webtiles) character file.

Game seed: 6401079413851100616

1105 Leeroy the Carver (level 8, 0/56 HPs)
             Began as a Merfolk Gladiator on Feb 25, 2023.
             Splashed by a jelly's acid (7 damage)
             ... on level 5 of the Dungeon.
             The game lasted 00:06:07 (4374 turns).

Leeroy the Carver (Merfolk Gladiator)               Turns: 4374, Time: 00:06:08

Health: 0/56       AC: -5    Str: 14    XL:     8   Next: 32%
Magic:  8/8        EV: 14    Int:  8    God:
Gold:   294        SH:  0    Dex: 17    Spells: 7/7 levels left

rFire   . . .      SeeInvis .    a - +0 long sword
rCold   + . .      Faith    .    (no shield)
rNeg    . . .      Spirit   .    t - +2 robe {rC+}
rPois   .          Reflect  .    c - +0 helmet
rElec   .          Harm     .    f - +0 cloak
rCorr   .          Rampage  .    v - +0 pair of gloves
Will    .....                    (no boots)
Stlth   ++                       D - amulet of the acrobat
HPRegen 0.29/turn                (no ring)
MPRegen 0.11/turn                (no ring)

@: corroded, studying Stealth
A: (nimble swimmer 2), mertail
a: no special abilities


You were on level 5 of the Dungeon.
You visited 2 branches of the dungeon, and saw 6 of its levels.

You collected 294 gold pieces.

Inventory:

Hand Weapons
 a - a +0 long sword (weapon)
 o - a +0 dagger of flaming
 s - a +1 dagger of draining
 F - a +0 short sword of speed
Missiles
 d - 3 throwing nets
 e - 13 javelins (quivered)
 x - 5 poisoned darts
 E - a curare-tipped dart
Armour
 b - a +0 leather armour
 c - a +0 helmet (worn)
 f - a +0 cloak (worn)
 t - a +2 robe of cold resistance (worn)
 v - a +0 pair of gloves (worn)
Jewellery
 D - an amulet of the acrobat (around neck)
Wands
 y - a wand of polymorph (10)
Scrolls
 g - 5 scrolls of identify {unknown}
 h - 6 scrolls of teleportation {unknown}
 k - a scroll of silence {unknown}
 l - 2 scrolls of immolation {unknown}
 m - a scroll of fear {unknown}
 n - 3 scrolls of vulnerability {unknown}
 A - a scroll of amnesia {unknown}
Potions
 i - a potion of berserk rage {unknown}
 j - a potion of lignification {unknown}
 p - 4 potions of magic {unknown}
 q - a potion of resistance {unknown}
 r - a potion of haste {unknown}
 u - 2 potions of curing {unknown}
 w - a potion of heal wounds {unknown}
 z - 2 potions of brilliance {unknown}
 B - a potion of attraction {unknown}
 C - a potion of flight {unknown}


   Skills:
 - Level 2.1 Fighting
 + Level 11.9 Long Blades
 - Level 2.0 Throwing
 - Level 4.0 Dodging


You had 7 spell levels left.
You didn't know any spells.
Your spell library contained the following spells:

 Spells                   Type           Power      Damage    Failure   Level
 Freeze                   Ice            0%         1d3       41%         1
 Call Canine Familiar     Summ           0%         N/A       78%         3
 Frozen Ramparts          Ice            0%         1d1       78%         3
 Hailstorm                Conj/Ice       0%         3d3       78%         3
 Ignite Poison            Fire/Tmut/Pois 0%         N/A       78%         3
 Kindle Blastsparks       Fire/Tloc/Air  0%         2d10      78%         3
 Portal Projectile        Hex/Tloc       0%         N/A       78%         3
 Leda's Liquefaction      Hex/Erth       0%         N/A       99%         4
 Freezing Cloud           Conj/Ice/Air   0%         6-21      100%        5


Dungeon Overview and Level Annotations

Branches:
Dungeon (5/15)             Temple (1/1) D:5

Altars:
Ashenzari
Cheibriados
Kikubaaqudgha
Nemelex Xobeh
Okawaru
Sif Muna
Wu Jian
Zin
The Shining One

Annotations:
D:4 2 transporters


Innate Abilities, Weirdness & Mutations

((You are very nimble when in or above water. (Stealth+, EV+, Speed+++)))
Your lower body shifts to a powerful aquatic tail in water.


Message History

You hit the jelly.
Your hands burn!
The jelly is almost dead.
The jelly hits you. The acid corrodes you!
You are splashed with acid!
You are too injured to fight recklessly!
You are too injured to fight recklessly!
You are too injured to fight recklessly!
You are too injured to fight recklessly!
You are too injured to fight recklessly!
You are too injured to fight recklessly!
You are too injured to fight recklessly!
You are too injured to fight recklessly!
You are too injured to fight recklessly!
You are too injured to fight recklessly!
You are too injured to fight recklessly!
You are too injured to fight recklessly!
You are too injured to fight recklessly!
You are too injured to fight recklessly!
You are too injured to fight recklessly!
You are too injured to fight recklessly!
You are too injured to fight recklessly!
You are too injured to fight recklessly!
You are too injured to fight recklessly!
You are too injured to fight recklessly!
You are too injured to fight recklessly!
You are too injured to fight recklessly!
You hit the jelly but do no damage.
Your hands burn!
The jelly is almost dead.
The jelly hits you. The acid corrodes you!
You are splashed with acid.
* * * LOW HITPOINT WARNING * * *
You hit the jelly but do no damage.
Your hands burn!
* * * LOW HITPOINT WARNING * * *
The jelly is almost dead.
The jelly barely misses you.
You hit the jelly but do no damage. The acid corrodes you!
Your hands burn!
* * * LOW HITPOINT WARNING * * *
The jelly is almost dead.
The jelly hits you.
* * * LOW HITPOINT WARNING * * *
You are splashed with acid!
You die...

#.. ... ######## #..
#....... #.. #.######
#.. ##.## #.. ##.[.#####
#.J########......<..
#.###..@........>..#####
#........########.##
#####.##.# #.#### #.##.#
#..).# #.##.# ####.#
#.##.# #.#
#.##.###########.# #
#.)..............# #
#.##.###########.###


You could see a jelly.

Vanquished Creatures
  Sigmund (D:2)
  An ice beast (D:5)
  An ogre (D:5)
  2 phantoms (D:5)
  A kobold brigand (D:5)
  2 scorpions (D:5)
  A necrophage (D:4)
  2 hounds
  5 iguanas
  An orc wizard (D:5)
  7 gnolls
  2 adders
  2 ufetubi (D:4)
  3 worms
  4 orcs (D:5)
  6 endoplasms
  2 giant cockroaches
  9 goblins
  11 hobgoblins
  6 quokkas
  A ball python (D:1)
  4 bats
  2 frilled lizards
  7 kobolds
  4 rats
87 creatures vanquished.

Vanquished Creatures (others)
  A withered plant (D:4)
1 creature vanquished.

Grand Total: 88 creatures vanquished

Notes
Turn   | Place    | Note
-------+----------+-------------------------------------------
     0 | D:1      | Leeroy the Merfolk Gladiator began the quest for the Orb.
     0 | D:1      | Reached XP level 1. HP: 16/16 MP: 1/1
    26 | D:1      | Reached skill level 4 in Long Blades
    51 | D:1      | Reached XP level 2. HP: 22/22 MP: 2/2
   771 | D:1      | Reached skill level 5 in Long Blades
   771 | D:1      | Reached XP level 3. HP: 27/27 MP: 3/3
   917 | D:2      | Found a faded altar of an unknown god.
  1469 | D:2      | Noticed Sigmund
  1479 | D:2      | Killed Sigmund
  1480 | D:2      | Reached skill level 7 in Long Blades
  1480 | D:2      | Reached XP level 4. HP: 21/33 MP: 4/4
  1480 | D:2      | Reached XP level 5. HP: 25/38 MP: 5/5
  1828 | D:3      | Reached XP level 6. HP: 40/44 MP: 6/6
  1977 | D:3      | Reached skill level 8 in Long Blades
  2243 | D:3      | Found a sparkling altar of Nemelex Xobeh.
  2324 | D:4      | Found a transporter.
  2498 | D:4      | Found a transporter.
  2507 | D:4      | Found an ancient bone altar of Kikubaaqudgha.
  2878 | D:4      | Reached skill level 9 in Long Blades
  3201 | D:5      | Entered Level 5 of the Dungeon
  3226 | D:5      | Reached XP level 7. HP: 45/50 MP: 7/7
  3365 | D:5      | Found a staircase to the Ecumenical Temple.
  3413 | Temple   | Entered the Ecumenical Temple
  3755 | D:5      | Reached skill level 10 in Long Blades
  3997 | D:5      | Reached skill level 11 in Long Blades
  4093 | D:5      | Reached XP level 8. HP: 54/56 MP: 8/8
  4328 | D:5      | Found a glowing silver altar of Zin.
  4374 | D:5      | Splashed by a jelly's acid

Illustrated notes

Levels and vault maps discovered:
D:1:      dpeg_arrival_round_a, layout_loops_ring, minmay_split_cup_large
D:2:      layout_basic, nicolae_ecumenical_oubliette, uniq_sigmund
D:3:      layout_rooms, mainiacjoe_overflow_six_doors_small
D:4:      gammafunk_steamed_eel, layout_loops_cross, kiku_gazebo_garden_becter,
          minmay_manual_mandibuliform
D:5:      layout_loops_ring, overflow_temple_1_default,
          minmay_temple_entry_fiery
Temple:   nicolae_temple_bog_church

Skill      XL: |  1  2  3  4  5  6  7 |
---------------+----------------------+-----
Long Blades    | 4 5 7 9 11 | 11.9
Fighting       | |  2.1
Throwing       | |  2.0
Dodging        | |  4.0

Action                     |  1- 3 |  4- 6 |  7- 9 || total
---------------------------+-------+-------+-------++-------
  Melee: Long sword        |    97 |   135 |   122 ||   354
         Punch             |     2 |     3 |     2 ||     7
  Throw: Throwing net      |     1 |       |       ||     1
   Stab: Sleeping          |       |     2 |     2 ||     4
 Armour: Leather armour    |    34 |       |       ||    34
         Robe              |       |    42 |    18 ||    60
  Dodge: Dodged            |    50 |   101 |    61 ||   212

Table legend: (Time is in decaauts)
 A = Elapsed time spent in this place.
 B = Non-inter-level travel time spent in this place.
 C = Inter-level travel time spent in this place.
 D = Time resting spent in this place.
 E = Time spent auto-exploring this place.
 F = Levels seen in this place.
 G = Mean time per level.
                   A        B        C        D        E       F      G
               +--------+--------+--------+--------+--------+-----+--------+
         Total |   4347 |   4150 |    197 |     74 |   3272 |   6 |  724.5 |
       Dungeon |   4177 |   4033 |    144 |     74 |   3164 |   5 |  835.4 |
        Temple |    170 |    117 |     53 |      0 |    108 |   1 |  170.0 |
               +--------+--------+--------+--------+--------+-----+--------+

Top non-repeatable levels by time:
     D:5: 962 daAuts
     D:1: 925 daAuts
     D:2: 904 daAuts
     D:4: 884 daAuts
     D:3: 501 daAuts
  Temple: 170 daAuts
